AoeStats
← maimadana

Arabia

508917204Analyzed
1v1 RM · 8d ago on Sep 24, 2026· 39m 57s· 2 players
Game mode
Random Map
Map size
Tiny (2 player)
Population
200
Speed
Normal
Resources
Standard
Victory
Conquest
Starting age
Dark Age
Ending age
Imperial Age
RankedLock teamsTeams togetherTeam positionsShared explorationLock speedFull tech treeHidden civsTurbo modeCheats
Victory
Defeat
🇬🇧 Sicilians · United Kingdom
837
+16
🇨🇿 Teutons · Czechia
833
-38
maimadana
5:59 Loom
10:27 Feudal Age
10:55 Double-Bit Axe
11:46 Horse Collar
15:56 Forging
16:54 Scale Barding Armor
19:13 Gold Mining
20:47 Padded Archer Armor
24:25 Castle Age
24:07 Bloodlines
24:28 Elite Skirmisher
26:58 Iron Casting
28:29 Fletching
28:53 Pikeman
38:32 Ballistics
m
7:41 Loom
10:03 Feudal Age
10:31 Double-Bit Axe
11:36 Horse Collar
13:51 Gold Mining
22:13 Castle Age
20:18 Padded Archer Armor
20:18 Fletching
23:23 Bodkin Arrow
25:10 Scale Barding Armor
25:44 Gold Shaft Mining
25:15 Husbandry
25:31 Forging
27:41 Bloodlines
28:03 Stone Mining
30:05 Iron Casting
33:23 Pikeman
35:38 Wheelbarrow
37:11 Hand Cart
Connection lost

Rejoining the realm…

Still unreachable

The connection could not be restored.

Session expired

The server has moved on; the page needs a fresh start.